 Dungeon Crawl Stone Soup version 0.32-a0-876-gcfddb08e57 (webtiles) character file.

Game seed: 3800579370273209055

250537 shadizar the Eclecticist (level 20, -16/147 HPs)
             Began as a Djinni Conjurer on Apr 1, 2024.
             Was the Champion of Makhleb.
             Demolished by an acid blob (20 damage)
             ... on level 2 of the Pits of Slime.
             The game lasted 00:51:04 (30058 turns).

shadizar the Eclecticist (Djinni Conjurer)         Turns: 30058, Time: 00:51:05

Health: -16/147    AC: 10    Str:  6    XL:     20   Next: 42%
Gold:   2412       EV: 16    Int: 32    God:    Makhleb [******] SH: 11 Dex: 18

rFire   + + +        a - staff "Leidamo" {rElec rF+ Will+ Conj}
rCold   . . .        B - +0 buckler
rNeg    . . .        E - +0 acid dragon scales
rPois   ∞            (no helmet)
rElec   +            s - +2 cloak {Will+}
rCorr   +            O - +2 pair of gloves {Dex+3}
SInv    .            (boots unavailable)
Will    ++...        R - amulet of reflection
Stlth   +++++        d - +6 ring of intelligence
HPRegen 0.44/turn    p - ring "Weasoipa" {rPois rC+ Will+ Stlth+}
MPRegen 0.00/turn

%: reflection, infuse magic (-17 HP)
@: weak-willed, marked, corroded, flying
A: sickness immunity, fire resistance 2, cold vulnerability 1, float, innate
caster, HP casting, extra vitality 1
}: 2/15 runes: decaying, gossamer
a: Renounce Religion, Minor Destruction, Lesser Servant of Makhleb, Major
Destruction, Greater Servant of Makhleb


You were on level 2 of the Pits of Slime.
You worshipped Makhleb.
Makhleb was exalted by your worship.
You visited 7 branches of the dungeon, and saw 31 of its levels.
You also visited: Sewer.

You collected 3479 gold pieces.
You spent 1067 gold pieces at shops.

Inventory:

Armour
 s - a +2 cloak of willpower (worn)
 B - a +0 buckler (worn)
 E - +0 acid dragon scales (worn)
 I - the +2 pair of gloves "Toinuerr" {Fly rElec rF- Str+5}
   (You found it on level 2 of the Swamp)

   Str+5:     It affects your strength (+5).
   rF-:       It makes you vulnerable to fire.
   rElec:     It insulates you from electricity.
   Fly:       It grants you flight.
 N - a +4 scale mail
 O - a +2 pair of gloves of dexterity (worn)
 Z - a +0 tower shield
Magical Staves
 a - the staff "Leidamo" (weapon) {rElec rF+ Will+ Conj}
   (You bought it in a shop on level 1 of the Dungeon)

   [staff of conjuration]

   Base accuracy: +5 Base damage: 5 Base attack delay: 1.2 This weapon's minimum
   attack delay (0.6) is reached at skill level 12.
   rF+:       It protects you from fire.
   rElec:     It insulates you from electricity.
   Will+:     It increases your willpower.
   Conj:      It increases the power of your Conjurations spells.
   It falls into the 'Staves' category.
   It is a one-handed weapon.
 F - a staff of air
Jewellery
 d - a +6 ring of intelligence (left hand)
 p - the ring "Weasoipa" (right hand) {rPois rC+ Will+ Stlth+}
   (You bought it in a shop on level 4 of the Dungeon)

   [ring of poison resistance]

   rC+:       It protects you from cold.
   rPois:     It protects you from poison.
   Will+:     It increases your willpower.
   Stlth+:    It makes you more stealthy.
 v - the ring of Eternal Harmony {Fire Dex+5}
   (You found it on level 7 of the Dungeon)

   [ring of fire]

   Fire:      It enhances your fire magic.
   Dex+5:     It affects your dexterity (+5).
   rF+:       It protects you from fire.
   rC-:       It makes you vulnerable to cold.
 y - a ring of ice
 R - an amulet of reflection (around neck)
 Y - a ring of protection from cold
Wands
 k - a wand of digging (18)
 l - a wand of polymorph (16)
 n - a wand of roots (21)
 o - a wand of charming (33)
 H - a wand of flame (38)
 S - a wand of light (8)
 T - a wand of mindburst (8)
Scrolls
 b - 3 scrolls of enchant weapon
 c - 8 scrolls of identify
 g - 4 scrolls of poison
 j - 8 scrolls of teleportation
 q - 3 scrolls of fear
 D - a scroll of torment
 J - a scroll of blinking
 K - a scroll of revelation
 Q - 5 scrolls of immolation
Potions
 f - 3 potions of mutation
 h - 4 potions of haste
 i - 3 potions of attraction
 m - 9 potions of enlightenment
 r - 10 potions of curing
 t - 4 potions of invisibility
 u - 2 potions of heal wounds
 w - 5 potions of ambrosia
 x - 3 potions of cancellation
 z - a potion of resistance
 C - 5 potions of brilliance
 G - a potion of might
 X - a potion of berserk rage
Miscellaneous
 A - a condenser vane


   Skills:
 - Level 14.0 Fighting
 - Level 12.0 Armour
 - Level 12.0 Dodging
 - Level 8.2 Stealth
 + Level 6.5 Shields
 * Level 19.5 Spellcasting
 * Level 19.5 Conjurations
 * Level 19.5 Hexes
   Level 0.0 Charms
 * Level 19.5 Summonings
 * Level 19.5 Necromancy
 * Level 19.5 Translocations
   Level 0.0 Transmutations
 * Level 19.5 Fire Magic
 * Level 19.5 Ice Magic
 * Level 19.5 Air Magic
 * Level 19.5 Earth Magic
 * Level 19.5 Alchemy


You knew the following spells:

 Your Spells              Type           Power      Damage    Failure   Level
a - Magic Dart            Conj           100%       1d8       0%          1
b - Searing Ray           Conj           100%       2d8       0%          2
c - Fulminant Prism       Conj/Alch      62%        3d26      0%          4
d - Iskenderun's Mystic   Conj/Tloc      100%       2d19      (+2d10%     4
e - Necrotise             Necr           100%       1d9       0%          1
f - Jinxbite              Hex            100%       N/A       0%          2
g - Static Discharge      Conj/Air       100%       3-8/arc   0%          2
h - Frozen Ramparts       Ice            100%       1d16      0%          3
i - Summon Mana Viper     Hex/Summ       100%       N/A       1%          5
j - Iskenderun's Battles  Conj           100%       2d15      1%          5
k - Permafrost Eruption   Ice/Erth       51%        2x4d11    1%          6
l - Eringya's Noxious Bo  Alch           51%        4d6       1%          6
m - Dispersal             Tloc           51%        N/A       1%          6
Your spell library was empty.

Dungeon Overview and Level Annotations

Branches:
Dungeon (13/15)            Temple (1/1) D:6            Lair (5/5) D:8
  Swamp (4/4) Lair:3       Spider (4/4) Lair:2        Slime (2/5) Lair:4
    Orc (2/2) D:12            Elf (0/3) Orc:2        Vaults (0/5) D:13
  Sewer (visited)

Altars:
Ashenzari
Cheibriados
Dithmenos
Elyvilon
Fedhas
Gozag
Hepliaklqana
Makhleb
Nemelex Xobeh
Okawaru
Qazlal
Ru
Trog
Uskayaw
Wu Jian
Xom
Yredelemnul
Zin
The Shining One
Jiyva

Shops:
D:1 *   D:4 !=[:   Orc:1 *   Orc:2 (?=?*:

Portals:
Trove: D:13 (give horn of Geryon)

Annotations:
Swamp:2 3 runed translucent doors, Roxanne; Suryr's ghost, adept GnHW


Innate Abilities, Weirdness & Mutations

You are immune to sickness and miasma.
You are immune to poison.
Your flesh is very heat resistant. (rF++)
You are vulnerable to cold. (rC-)
You float through the air rather than walking.
You learn spells naturally, not from books.
Your magical power is your life essence.
You have superior vitality. (+4 MHP)


Message History

Unknown command.
Unknown command.
Unknown command.
Unknown command.
Unknown command.
Unknown command.
Unknown command.
Unknown command.
Unknown command.
Casting: Iskenderun's Mystic Blast (safe; 0% risk of failure)
Confirm with . or Enter, or press ? or * to list all spells.
You feel a surge of power!
You erupt in a blast of force!
The mystic blast hits the acid blob!!
The acid blob is heavily wounded.
The acid blob is knocked back by the mystic blast.
The acid blob collides with the shining eye!
The shining eye is moderately wounded.
The acid blob is severely wounded.
The eye of devastation gazes at you. The bolt of devastation hits you!!!
Your willpower is stripped away!
* * * LOW HITPOINT WARNING * * *
Two slime creatures merge to form a large slime creature.
Unknown command.
Unknown command.
Unknown command.
Unknown command.
Unknown command.
Unknown command.
Unknown command.
Unknown command.
Unknown command.
The acid blob spits acid at you. The splash of acid hits you. You resist.
* * * LOW HITPOINT WARNING * * *
The acid corrodes you! The acid blob hits you!!
* * * LOW HITPOINT WARNING * * *
The acid corrodes you!
You are splashed with acid.
You resist.
* * * LOW HITPOINT WARNING * * *
The acid blob hits you!!
You die...

...#.. .......
. ..... .G>....
.. ..#. ......#
... ... .......
.... ..#.......
.....#........#
........J.....#
.......@.J.#
........J.##
..........#
##......JJG.
#..........J.
...............
#..#....###....
........# ....


You could see 3 acid blobs, a large slime creature, 2 slime creatures, a shining
eye and an eye of devastation.

Vanquished Creatures
  A bone dragon (Swamp:4)
  Arachne (Spider:2)
  Jorgrun (Orc:1)
  An acid blob (Slime:2)
  2 thorn hunters (Swamp:4)
  2 azure jellies (Slime:2)
  8 ghost moths
  A fenstrider witch (Swamp:3)
  7 emperor scorpions
  2 quicksilver oozes (Slime:2)
  4 eleionomae
  4 bunyips
  A spark wasp (Spider:1)
  The ghost of Ginaus the Severer, a journeyman DsWn of Gozag (Lair:4)
  An ettin (Orc:2)
  3 entropy weavers
  A great orb of eyes (Slime:2)
  16 hydras
  Harold (D:10)
  4 ghost crabs
  2 catoblepae
  9 alligators
  An ogre mage (D:13)
  A boulder beetle (Spider:1)
  Erica (Orc:1)
  6 two-headed ogres
  3 jorogumos
  3 radroaches
  6 death yaks (Lair:4)
  A hell hog (Lair:5)
  6 demonic crawlers
  3 orc high priests (Orc:2)
  Sonja (D:12)
  3 pharaoh ants
  2 skysharks (Lair:5)
  Urug (Orc:2)
  7 goliath frogs
  3 sun moths
  A deep troll (D:13)
  13 orb spiders
  6 spriggan druids
  5 bog bodies
  4 swamp dragons
  5 orc knights
  A spectral alligator (Swamp:4)
  3 spectral hydras (Swamp:4)
  A phantasmal warrior (Swamp:4)
  8 steelbarb worms
  A necromancer (D:13)
  3 oklob plants (Lair:4)
  An alligator zombie (Swamp:4)
  2 ugly things (D:13)
  An obsidian bat (Orc:1)
  A deep elf pyromancer (D:13)
  Pikel (D:7)
  2 will-o-the-wisps
  5 moths of wrath
  4 orc sorcerers
  18 wolf spiders
  2 manticores (D:12)
  3 cyclopes
  6 black mambas
  20 elephants
  2 kobold blastminers
  Joseph (D:8)
  13 cane toads
  5 torpor snails
  Maggie (D:7)
  2 rime drakes
  2 swamp worm zombies (Swamp:4)
  6 komodo dragons
  6 bloated husks
  A polar bear (shapeshifter) (D:13)
  12 polar bears
  5 hydra zombies (Swamp:4)
  5 trolls
  Grinder (D:4)
  32 tarantellas
  4 raiju (Lair:5)
  12 tyrant leeches
  4 spectral swamp dragons (Swamp:4)
  6 hornets
  10 blink frogs
  9 slime creatures
  17 dream sheep
  23 jumping spiders
  2 vampires
  5 wraiths
  27 culicivoras
  7 spriggans
  7 tyrant leech zombies (Swamp:4)
  5 wyverns
  2 shadows (D:11)
  2 steam dragons
  64 yaks
  Grum (D:8)
  8 wargs
  3 basilisks
  A hog (shapeshifter) (D:13)
  Eustachio (D:6)
  16 vampire mosquitoes
  55 redbacks
  11 swamp worms
  Edmund (D:5)
  2 acid dragons
  Menkaure (D:4)
  13 hell hounds (Lair:5)
  15 water moccasins
  Duvessa (D:5)
  16 orc warriors
  9 swamp drakes
  16 black bears
  2 ice beasts (D:8)
  2 laughing skulls (D:13)
  10 ogres
  2 sky beasts
  32 wolves
  2 swamp dragon zombies (Swamp:4)
  2 centaurs
  4 lemures (D:7)
  9 phantoms (Swamp:4)
  A kobold brigand (D:9)
  A gnoll sergeant (D:9)
  12 bullfrogs
  4 scorpions
  12 wights
  Dowan (D:5)
  8 killer bees
  2 electric eels
  4 bombardier beetles
  3 jellies
  5 hounds
  7 orc priests
  4 iguanas
  17 orc wizards
  2 sleepcaps
  Natasha (thrice) (D:3)
  5 hell rats
  10 gnolls
  5 river rats (Sewer)
  14 adders
  3 white imps
  A dart slug (D:1)
  A ribbon worm (D:2)
  43 orcs
  8 ball pythons
  4 bats
  6 endoplasms
  6 giant cockroaches
  10 goblins
  9 hobgoblins
  7 jackals
  3 quokkas
  3 frilled lizards
  13 kobolds
  16 rats
  A fulminant prism (Lair:5)
1027 creatures vanquished.

Vanquished Creatures (others)
  A bloated husk (Swamp:4)
  6 foxfires
  51 fulminant prisms
58 creatures vanquished.

Grand Total: 1085 creatures vanquished

Notes
Turn   | Place    | Note
-------+----------+-------------------------------------------
     0 | D:1      | shadizar the Djinni Conjurer began the quest for the Orb.
     0 | D:1      | shadizar set off with the following spells memorised: Magic
                  | Dart, Searing Ray, Fulminant Prism, Iskenderun's Mystic
                  | Blast.
     0 | D:1      | Reached XP level 1. HP: 15/15 MP: 0/0
    58 | D:1      | Reached XP level 2. HP: 16/21 MP: 0/0
   368 | D:1      | Reached XP level 3. HP: 22/25 MP: 0/0
   368 | D:1      | Learned a level 1 spell: Necrotise
   636 | D:1      | Found Niugrig's General Store.
   940 | D:2      | Reached XP level 4. HP: 19/31 MP: 0/0
  1220 | D:2      | Reached skill level 5 in Spellcasting
  1220 | D:2      | Reached skill level 5 in Conjurations
  1220 | D:2      | Reached skill level 5 in Hexes
  1220 | D:2      | Reached skill level 5 in Summonings
  1220 | D:2      | Reached skill level 5 in Necromancy
  1220 | D:2      | Reached skill level 5 in Translocations
  1220 | D:2      | Reached skill level 5 in Fire Magic
  1220 | D:2      | Reached skill level 5 in Ice Magic
  1220 | D:2      | Reached skill level 5 in Air Magic
  1220 | D:2      | Reached skill level 5 in Earth Magic
  1220 | D:2      | Reached skill level 5 in Alchemy
  1220 | D:2      | Reached XP level 5. HP: 27/35 MP: 0/0
  1220 | D:2      | Learned a level 2 spell: Jinxbite
  1403 | D:2      | Found a faded altar of an unknown god.
  1583 | D:3      | Noticed Natasha
  1586 | D:3      | Killed Natasha
  1641 | D:3      | Noticed Natasha
  1646 | D:3      | Killed Natasha
  1647 | D:3      | Reached XP level 6. HP: 6/40 MP: 0/0
  1875 | D:3      | Found a shimmering altar of Xom.
  1885 | D:3      | Found a sparkling altar of Nemelex Xobeh.
  1885 | D:3      | Found a stormy altar of Qazlal.
  1886 | D:3      | Found a glowing silver altar of Zin.
  1895 | D:3      | Found a bloodstained altar of Trog.
  2121 | D:3      | Noticed Natasha
  2125 | D:3      | Killed Natasha
  2155 | D:3      | Found a glowing drain.
  2162 | Sewer    | Entered a sewer
  2658 | D:3      | Found an ornate altar of the Wu Jian Council.
  2734 | D:3      | Found a burning altar of Makhleb.
  2734 | D:3      | Noticed a blizzard demon
  2741 | D:3      | Noticed a neqoxec
  2741 | D:3      | Noticed a ynoxinul
  2743 | D:3      | Became a worshipper of Makhleb the Destroyer
  2884 | D:4      | Noticed an ogre
  2891 | D:4      | Killed an ogre
  2892 | D:4      | Reached XP level 7. HP: 31/45 MP: 0/0
  2892 | D:4      | Learned a level 2 spell: Static Discharge
  3216 | D:4      | Found Golyh's Antique Armour Shop.
  3229 | D:4      | Found Peadghem's Book Emporium.
  3412 | D:4      | Found Seenk's One-of-a-Kind Rings.
  3463 | D:4      | Reached * piety under Makhleb
  3562 | D:4      | Reached XP level 8. HP: 44/50 MP: 0/0
  3609 | D:4      | Noticed Menkaure
  4293 | D:4      | Killed Menkaure
  4294 | D:4      | Reached skill level 1 in Fighting
  4294 | D:4      | Reached skill level 1 in Armour
  4295 | D:4      | Noticed Grinder
  4303 | D:4      | Killed Grinder
  4400 | D:4      | Found Qyneghoo's Distillery.
  4445 | D:5      | Entered Level 5 of the Dungeon
  4546 | D:5      | Reached XP level 9. HP: 51/59 MP: 0/0
  4546 | D:5      | Learned a level 3 spell: Frozen Ramparts
  4620 | D:5      | Noticed Edmund
  4624 | D:5      | Noticed Dowan
  4629 | D:5      | Killed Dowan
  4630 | D:5      | Killed Edmund
  4630 | D:5      | Reached ** piety under Makhleb
  4636 | D:5      | Noticed Duvessa
  4644 | D:5      | Killed Duvessa
  5554 | D:6      | Reached skill level 5 in Dodging
  5846 | D:6      | Noticed Eustachio
  5856 | D:6      | Killed Eustachio
  5857 | D:6      | Reached XP level 10. HP: 57/69 MP: 0/0
  5892 | D:6      | Found a white marble altar of Elyvilon.
  6093 | D:6      | Found a shadowy altar of Dithmenos.
  6495 | D:6      | Found a staircase to the Ecumenical Temple.
  6507 | D:6      | Reached skill level 5 in Fighting
  6507 | D:6      | Reached skill level 5 in Armour
  6512 | Temple   | Entered the Ecumenical Temple
  6803 | D:7      | Noticed Maggie
  6809 | D:7      | Killed Maggie
  6810 | D:7      | Reached skill level 5 in Stealth
  6813 | D:7      | Identified the ring of Eternal Harmony {Fire Dex+5}
  6988 | D:7      | Reached *** piety under Makhleb
  7113 | D:7      | Found Juexel's Book Shop.
  7158 | D:7      | Noticed Pikel
  7170 | D:7      | Killed Pikel
  7942 | D:8      | Found a staircase to the Lair.
  7947 | D:8      | Noticed a two-headed ogre
  7955 | D:8      | Killed a two-headed ogre
  7960 | D:8      | Reached XP level 11. HP: 62/76 MP: 0/0
  7960 | D:8      | Learned a level 5 spell: Summon Mana Viper
  8010 | D:8      | Noticed Grum
  8019 | D:8      | Killed Grum
  8072 | D:8      | Noticed Joseph
  8085 | D:8      | Killed Joseph
  8594 | D:1      | Bought the staff "Leidamo" {rElec rF+ Will+ Conj} for 516
                  | gold pieces
  8795 | Lair:1   | Entered Level 1 of the Lair of Beasts
  8931 | Lair:1   | Identified the +0 plate armour of a volcano {rF+ Will+}
  9994 | Lair:2   | Reached XP level 12. HP: 83/86 MP: 0/0
  9997 | Lair:2   | Reached **** piety under Makhleb
 10276 | Lair:2   | Reached skill level 10 in Spellcasting
 10276 | Lair:2   | Reached skill level 10 in Conjurations
 10276 | Lair:2   | Reached skill level 10 in Hexes
 10276 | Lair:2   | Reached skill level 10 in Summonings
 10276 | Lair:2   | Reached skill level 10 in Necromancy
 10276 | Lair:2   | Reached skill level 10 in Translocations
 10276 | Lair:2   | Reached skill level 10 in Fire Magic
 10276 | Lair:2   | Reached skill level 10 in Ice Magic
 10276 | Lair:2   | Reached skill level 10 in Air Magic
 10276 | Lair:2   | Reached skill level 10 in Earth Magic
 10276 | Lair:2   | Reached skill level 10 in Alchemy
 10338 | Lair:2   | Reached skill level 10 in Dodging
 10441 | Lair:2   | Found a hole to the Spider Nest.
 10712 | Lair:2   | Reached XP level 13. HP: 87/94 MP: 0/0
 10712 | Lair:2   | Learned a level 5 spell: Iskenderun's Battlesphere
 11439 | Lair:3   | Noticed a seven-headed hydra
 11446 | Lair:3   | Killed a seven-headed hydra
 11455 | Lair:3   | Noticed an eight-headed hydra
 11463 | Lair:3   | Killed an eight-headed hydra
 11528 | Lair:3   | Reached ***** piety under Makhleb
 11707 | Lair:3   | Found a staircase to the Swamp.
 12186 | Lair:4   | Noticed a catoblepas
 12202 | Lair:4   | Killed a catoblepas
 12203 | Lair:4   | Reached skill level 10 in Fighting
 12212 | Lair:4   | Noticed a four-headed hydra
 12231 | Lair:4   | Killed a four-headed hydra
 12239 | Lair:4   | Noticed a four-headed hydra
 12411 | Lair:4   | Killed a four-headed hydra
 12490 | Lair:4   | Found a viscous altar of Jiyva.
 12629 | Lair:4   | Reached skill level 1 in Shields
 12634 | Lair:4   | Reached XP level 14. HP: 103/103 MP: 0/0
 13007 | Lair:4   | Found a runed translucent gate.
 13007 | Lair:4   | Found a runed translucent gate.
 13007 | Lair:4   | Found a runed translucent gate.
 13009 | Lair:4   | Noticed Ginaus's ghost (journeyman DsWn)
 13271 | Lair:4   | Killed Ginaus's ghost
 13340 | Lair:5   | Entered Level 5 of the Lair of Beasts
 14592 | Lair:5   | Reached XP level 15. HP: 88/109 MP: 0/0
 14592 | Lair:5   | Learned a level 6 spell: Permafrost Eruption
 14614 | Lair:5   | Reached ****** piety under Makhleb
 14787 | Lair:5   | Reached skill level 10 in Armour
 15617 | D:4      | Bought the ring "Weasoipa" {rPois rC+ Will+ Stlth+} for 551
                  | gold pieces
 16403 | D:10     | Entered Level 10 of the Dungeon
 16518 | D:10     | Noticed Harold
 16526 | D:10     | Killed Harold
 16684 | D:10     | Found an iron altar of Okawaru.
 18166 | D:12     | Noticed Sonja
 18176 | D:12     | Killed Sonja
 18634 | D:12     | You are sucked into a shaft and drop 1 floor!
 18764 | D:13     | Found a gate to the Vaults.
 18864 | D:12     | Found a staircase to the Orcish Mines.
 19543 | Orc:1    | Entered Level 1 of the Orcish Mines
 19543 | Orc:1    | Noticed Jorgrun
 19546 | Orc:1    | Noticed Erica
 19547 | Orc:1    | Killed Jorgrun
 19554 | Orc:1    | Killed Erica
 19561 | Orc:1    | Found Macix's General Store.
 19858 | Orc:2    | Entered Level 2 of the Orcish Mines
 19875 | Orc:2    | Reached XP level 16. HP: 77/118 MP: 0/0
 19875 | Orc:2    | Noticed Urug
 20060 | Orc:2    | Killed Urug
 20266 | Orc:2    | Found Webetiuho's General Store.
 20326 | Orc:2    | Found a staircase to the Elven Halls.
 20493 | Orc:2    | Found Yfuedo's Magic Scroll Boutique.
 20493 | Orc:2    | Found Tacoubb's Jewellery Shoppe.
 20496 | Orc:2    | Found Cacki's Magic Scroll Boutique.
 20496 | Orc:2    | Found Evvieb's Antique Weapon Shoppe.
 20702 | Orc:2    | Found Nuff's Vocational Training.
 21246 | D:13     | Found a portal to a secret trove of treasure.
 22045 | Swamp:1  | Entered Level 1 of the Swamp
 22141 | Swamp:1  | Reached skill level 15 in Spellcasting
 22141 | Swamp:1  | Reached skill level 15 in Conjurations
 22141 | Swamp:1  | Reached skill level 15 in Hexes
 22141 | Swamp:1  | Reached skill level 15 in Summonings
 22141 | Swamp:1  | Reached skill level 15 in Necromancy
 22141 | Swamp:1  | Reached skill level 15 in Translocations
 22141 | Swamp:1  | Reached skill level 15 in Fire Magic
 22141 | Swamp:1  | Reached skill level 15 in Ice Magic
 22141 | Swamp:1  | Reached skill level 15 in Air Magic
 22141 | Swamp:1  | Reached skill level 15 in Earth Magic
 22141 | Swamp:1  | Reached skill level 15 in Alchemy
 22983 | Swamp:2  | Noticed Roxanne
 22984 | Swamp:2  | Identified the +2 pair of gloves "Toinuerr" {Fly rElec rF-
                  | Str+5}
 23307 | Swamp:2  | Found a runed translucent gate.
 23307 | Swamp:2  | Found a runed translucent gate.
 23307 | Swamp:2  | Found a runed translucent gate.
 23308 | Swamp:2  | Noticed Suryr's ghost (adept GnHW)
 23521 | Swamp:3  | Reached XP level 17. HP: 117/126 MP: 0/0
 23521 | Swamp:3  | Learned a level 6 spell: Eringya's Noxious Bog
 24061 | Swamp:4  | Entered Level 4 of the Swamp
 24075 | Swamp:4  | Noticed a thorn hunter
 24078 | Swamp:4  | Killed a thorn hunter
 24177 | Swamp:4  | Noticed a thorn hunter
 24183 | Swamp:4  | Killed a thorn hunter
 25293 | Swamp:4  | Identified the +3 orcbow "Fikuapop" {freeze, rF- rCorr
                  | Int+7}
 25566 | Swamp:4  | Noticed a bone dragon
 25583 | Swamp:4  | Killed a bone dragon
 25967 | Swamp:4  | Reached skill level 5 in Shields
 26024 | Swamp:4  | Got a decaying rune of Zot
 26236 | Spider:1 | Entered Level 1 of the Spider Nest
 26257 | Spider:1 | Reached XP level 18. HP: 135/135 MP: 0/0
 26620 | Spider:1 | Found a hide-covered altar of Uskayaw.
 26734 | Spider:2 | Noticed Arachne
 26750 | Spider:2 | Killed Arachne
 27541 | Spider:3 | Found a large runed translucent door.
 27695 | Spider:3 | Reached XP level 19. HP: 140/140 MP: 0/0
 27695 | Spider:3 | Learned a level 6 spell: Dispersal
 28084 | Spider:3 | Found a large runed translucent door.
 28705 | Spider:4 | Entered Level 4 of the Spider Nest
 28717 | Spider:4 | Reached XP level 20. HP: 113/147 MP: 0/0
 29541 | Spider:4 | Got a gossamer rune of Zot
 29904 | Lair:4   | Found a staircase to the Slime Pits.
 29951 | Slime:1  | Entered Level 1 of the Pits of Slime
 30058 | Slime:2  | HP: 6/147 [acid blob (33)]
 30058 | Slime:2  | Demolished by an acid blob

Illustrated notes

Levels and vault maps discovered:
D:1:      nicolae_arrival_washed_ashore, layout_basic, serial_shops, shop
D:2:      layout_rooms, shapermc_ecumenical_altar_starsandcircs, hex_tiny,
          item_on_display_a
D:3:      wad_pebble_path, layout_loops_ring, mainiacjoe_overflow_tiny_flanked,
          makhleb_altar_promises_db, mainiacjoe_overflow_surrounded_room,
          grunt_temple_overflow_open, portal_sewer_entry_e, nicolae_the_louvre,
          uniq_natasha
D:4:      minmay_razor_zed, layout_basic, serial_shops, shop, shop,
          nicolae_shop_just_a_little_nook, nicolae_shop_unique_rings,
          uniq_menkaure, uniq_grinder
D:5:      layout_basic, uniq_duvessa, uniq_edmund
D:6:      layout_layer_cave, mainiacjoe_overflow_chevrons,
          mainiacjoe_overflow_brackets, minmay_temple_entry_gardened_gates,
          uniq_eustachio
D:7:      layout_loops_ring, serial_shops, nicolae_shop_behind_doors,
          uniq_maggie, uniq_pikel
D:8:      layout_gridville, lair_entry_dummy, uniq_joseph, uniq_grum
D:9:      layout_cave_pools, mainiacjoe_overflow_paths, serial_park_tiny_2
D:10:     layout_small_grid, hellmonk_okawaru_the_only_friend_you_need,
          uniq_harold
D:11:     layout_irregular_city, serial_rivers, chequers_serial_rivers_large_b,
          chequers_serial_rivers_marsh, chequers_serial_rivers_small_b,
          chequers_serial_rivers_micro_c, chequers_serial_rivers_room_a,
          chequers_serial_rivers_small_3
D:12:     layout_irregular_city, minmay_orc_entry_guard_dogs, uniq_sonja
D:13:     layout_loops_ring, david_vaults_4, enter_trove_6
Temple:   nicolae_temple_bog_church
Lair:1:   layout_roguey, serial_bayou_pond_e
Lair:2:   layout_big_grid, spider_nest_entry_rubble
Lair:3:   layout_chaotic_city, minmay_swamp_entry_worms
Lair:4:   layout_big_grid, minmay_slime_entry_oklob_enclosed,
          gammafunk_ghost_hydra_chop, grunt_megastairs_3
Lair:5:   hangedman_lair_caniforms_friends, layout_regular_city,
          lemuel_fruit_tree
Swamp:1:  layout_falls_marsh, evilmike_swamp_ruin_house_5
Swamp:2:  layout_basic_swamp, ebering_ghost_rock_garden,
          nicolae_swamp_some_circles, swamp_pool_1_2, uniq_roxanne
Swamp:3:  layout_basic_swamp, evilmike_swamp_ruin_rubble_2, swamp_pool_5
Swamp:4:  swamp_pestilence, layout_basic_swamp, swamp_pool_5
Spider:1: layout_spider_delve, nicolae_spider_altar_of_dancing
Spider:2: layout_spider_delve, uniq_arachne
Spider:3: layout_cave_pods, nicolae_spider_circle_web, spiders_nest_the_unseen
Spider:4: grunt_spider_rune_circles
Slime:1:  layout_caves
Slime:2:  layout_caves
Orc:1:    layout_caves, serial_shops, nicolae_shop_tiny_waterfront, uniq_erica,
          uniq_jorgrun
Orc:2:    grunt_orc_tribal_feast, layout_caves, serial_shops, shop,
          nicolae_shop_vocational, uniq_urug

Skill      XL: |  1  2  3  4  5  6  7  8  9 10 11 12 13 14 15 16 17 18 19 20 |
---------------+-------------------------------------------------------------+-----
Spellcasting   | 4 5 6 7 8 9 10 11 13 14 15 17 18 19 | 19.5
Conjurations   | 4 5 6 7 8 9 10 11 13 14 15 17 18 19 | 19.5
Hexes          | 4 5 6 7 8 9 10 11 13 14 15 17 18 19 | 19.5
Summonings     | 4 5 6 7 8 9 10 11 13 14 15 17 18 19 | 19.5
Necromancy     | 4 5 6 7 8 9 10 11 13 14 15 17 18 19 | 19.5
Translocations | 4 5 6 7 8 9 10 11 13 14 15 17 18 19 | 19.5
Fire Magic     | 4 5 6 7 8 9 10 11 13 14 15 17 18 19 | 19.5
Ice Magic      | 4 5 6 7 8 9 10 11 13 14 15 17 18 19 | 19.5
Air Magic      | 4 5 6 7 8 9 10 11 13 14 15 17 18 19 | 19.5
Earth Magic    | 4 5 6 7 8 9 10 11 13 14 15 17 18 19 | 19.5
Alchemy        | 4 5 6 7 8 9 10 11 13 14 15 17 18 19 | 19.5
Fighting       | 2 4 6 7 8 10 11 13 14 | 14.0
Armour         | 2 4 6 7 8 9 10 12 | 12.0
Stealth        | 2 4 6 8 |  8.2
Dodging        | 3 5 7 8 10 11 12 | 12.0
Shields        | 2 4 5 6 |  6.5

Action                     |  1- 3 |  4- 6 |  7- 9 | 10-12 | 13-15 | 16-18 | 19-21 || total
---------------------------+-------+-------+-------+-------+-------+-------+-------++-------
  Melee: Unarmed           |       |       |       |     1 |       |       |       ||     1
         Staff             |       |       |       |     1 |     2 |       |     1 ||     4
   Cast: Magic Dart        |    67 |   109 |   171 |   188 |   513 |    54 |       ||  1102
         Searing Ray       |       |     7 |       |       |       |       |       ||     7
         Iskenderun's Myst |       |     6 |    56 |   146 |   331 |   148 |    40 ||   727
         Fulminant Prism   |       |       |     9 |     8 |    25 |     7 |     3 ||    52
         Permafrost Erupti |       |       |       |       |    42 |   344 |    83 ||   469
         Eringya's Noxious |       |       |       |       |       |     4 |     1 ||     5
    Use: Potion            |       |       |     3 |       |       |     1 |       ||     4
         Scroll            |       |       |       |    16 |     5 |     6 |     3 ||    30
 Armour: Robe              |     2 |    11 |    12 |     3 |       |       |       ||    28
         Steam dragon scal |       |       |       |    17 |    64 |       |       ||    81
         Acid dragon scale |       |       |       |       |    27 |    80 |    36 ||   143
  Dodge: Dodged            |     7 |     7 |    16 |    34 |    86 |    54 |     9 ||   213
  Block: Buckler           |       |       |       |       |    30 |    13 |     6 ||    49
         Reflection        |       |       |       |       |       |       |     2 ||     2

Table legend: (Time is in decaauts)
 A = Elapsed time spent in this place.
 B = Non-inter-level travel time spent in this place.
 C = Inter-level travel time spent in this place.
 D = Time resting spent in this place.
 E = Time spent auto-exploring this place.
 F = Levels seen in this place.
 G = Mean time per level.
                   A        B        C        D        E       F      G
               +--------+--------+--------+--------+--------+-----+--------+
         Total |  30110 |  28025 |   2085 |      0 |  22885 |  32 |  940.9 |
       Dungeon |  13530 |  12198 |   1332 |      0 |  10162 |  13 | 1040.8 |
        Temple |      9 |      4 |      5 |      0 |      0 |   1 |    9.0 |
          Lair |   7086 |   6678 |    408 |      0 |   5185 |   5 | 1417.2 |
         Swamp |   4108 |   3945 |    163 |      0 |   3309 |   4 | 1027.0 |
   Spider Nest |   3540 |   3400 |    140 |      0 |   2794 |   4 |  885.0 |
    Slime Pits |    106 |    106 |      0 |      0 |     73 |   2 |   53.0 |
  Orcish Mines |   1526 |   1492 |     34 |      0 |   1211 |   2 |  763.0 |
         Sewer |    202 |    202 |      0 |      0 |    151 |   1 |  202.0 |
               +--------+--------+--------+--------+--------+-----+--------+

Top non-repeatable levels by time:
  Lair:5: 1967 daAuts
     D:4: 1776 daAuts
Spider:3: 1489 daAuts
  Lair:3: 1451 daAuts
 Swamp:3: 1387 daAuts
     D:5: 1278 daAuts
  Lair:4: 1252 daAuts
 Swamp:4: 1242 daAuts
  Lair:1: 1229 daAuts
    D:12: 1213 daAuts
  Lair:2: 1185 daAuts
     D:6: 1163 daAuts
     D:1: 1025 daAuts
     D:7: 1016 daAuts
    D:13: 999 daAuts
